 Dungeon Crawl Stone Soup version 0.19.4-8-ga85b6b9 (webtiles) character file.

114 JNO the Bolt Thrower (level 5, 0/41 HPs)
             Began as a Human Hunter on Feb 10, 2017.
             Succumbed to an orc wizard's poison
             ... on level 3 of the Dungeon.
             The game lasted 00:08:23 (1886 turns).

JNO the Bolt Thrower (Human Hunter)                 Turns: 1886, Time: 00:08:24

Health: 0/41       AC:  6    Str: 13    XL:     5   Next: 18%
Magic:  5/5        EV:  9    Int: 12    God:
Gold:   98         SH:  1    Dex: 13    Spells: 0 memorised, 4 levels left

rFire  . . .     SeeInvis .     a - +1 hand crossbow
rCold  . . .     Gourm    .     u - +0 scale mail
rNeg   . . .     Faith    .     v - -2 buckler (curse)
rPois  .         Spirit   .     (no helmet)
rElec  .         Reflect  .     (no cloak)
rCorr  .         Harm     .     (no gloves)
MR     .....                    (no boots)
Stlth  ..........               (no amulet)
                                (no ring)
                                (no ring)

@: lethally poisoned (0 -> -34)
A: no striking features
a: no special abilities


You were on level 3 of the Dungeon.
You were not hungry.

You visited 1 branch of the dungeon, and saw 3 of its levels.

You collected 98 gold pieces.

Inventory:

Hand Weapons
 a - a +1 hand crossbow (weapon)
 b - a +0 short sword
Missiles
 d - 31 bolts (quivered)
Armour
 u - a +0 scale mail (worn)
 v - a cursed -2 buckler (worn)
Jewellery
 p - an uncursed ring of see invisible {unknown}
Wands
 r - a wand of slowing (18/48)
Scrolls
 c - 2 scrolls of identify {unknown}
 g - 2 scrolls of amnesia {unknown}
 j - a scroll of noise {unknown}
 l - 2 scrolls of fog {unknown}
 m - 2 scrolls of remove curse {unknown}
 n - a scroll of immolation {unknown}
 q - a scroll of recharging {unknown}
 t - a scroll of teleportation {unknown}
Potions
 e - a potion of agility {unknown}
 h - 2 potions of might {unknown}
 i - a potion of curing {unknown}
 o - a potion of resistance {unknown}
 s - a potion of flight {unknown}
Comestibles
 f - 2 bread rations
 k - 4 fruits


   Skills:
 + Level 3.1 Fighting
 + Level 4.7 Crossbows
 + Level 2.2 Armour
 - Level 2.3 Dodging
 - Level 1.1 Stealth


You had 4 spell levels left.
You didn't know any spells.

Dungeon Overview and Level Annotations

Branches:
Dungeon (3/15)

Altars:


Message History

You feel very sick. The orc hits you but does no damage.
Firing (i - inventory):
d - 33 bolts (quivered)
Press: ? - help, Shift-Dir - straight line, f/p - orc
Aim: an orc, wielding a short sword (severely wounded)
You shoot a bolt. The bolt closely misses the orc.
* * * LOW HITPOINT WARNING * * *
You feel very sick. The orc hits you with a short sword.
* * * LOW HITPOINT WARNING * * *
Firing (i - inventory):
d - 32 bolts (quivered)
Press: ? - help, Shift-Dir - straight line, f/p - orc
Aim: an orc, wielding a short sword (severely wounded)
You shoot a bolt. The bolt hits the orc!
You kill the orc!
* * * LOW HITPOINT WARNING * * *
You feel very sick.
* * * LOW HITPOINT WARNING * * *
You feel very sick.
You die...

#.# #.# #.#
#.# #.# #.#
#.########.##
#.#.........#
#.#.#########
#.#.# #.#.#
#@#.#
#.#.#########
#.#........<#
#)###########
#((.o# ####o#
.# o# .#


There were no monsters in sight!

Vanquished Creatures
  Ijyb (D:2)
  An orc wizard (D:3)
  An ooze (D:1)
  A dart slug (D:2)
  2 leopard geckos (D:2)
  3 orcs (D:3)
  6 bats
  3 giant cockroaches (D:2)
  6 goblins
  7 hobgoblins
  7 kobolds
  5 frilled lizards
  6 rats
49 creatures vanquished.

Notes
Turn   | Place    | Note
-------+----------+-------------------------------------------
     0 | D:1      | JNO the Human Hunter began the quest for the Orb.
     0 | D:1      | Reached XP level 1. HP: 16/16 MP: 1/1
   233 | D:1      | Reached XP level 2. HP: 22/22 MP: 2/2
   518 | D:1      | Reached XP level 3. HP: 27/27 MP: 3/3
   855 | D:1      | Reached skill level 1 in Armour
  1095 | D:2      | Noticed Ijyb
  1100 | D:2      | Killed Ijyb
  1100 | D:2      | Reached XP level 4. HP: 34/34 MP: 4/4
  1882 | D:3      | Reached XP level 5. HP: 19/41 MP: 5/5
  1886 | D:3      | Succumbed to an orc wizard's poison

Skill      XL: |  1  2  3  4 |
---------------+-------------+-----
Armour         | 1 2 |  2.2
Fighting       | 3 |  3.1
Crossbows      | |  4.7
Dodging        | |  2.3
Stealth        | |  1.1

Action                   |  1- 3 |  4- 6 || total
-------------------------+-------+-------++-------
Melee: Short sword       |   120 |    57 ||   177
 Fire: Hand crossbow     |     5 |     9 ||    14
  Eat: Chunk             |     1 |     2 ||     3
Armor: Leather armour    |    10 |       ||    10
       Ring mail         |    25 |       ||    25
       Scale mail        |       |    21 ||    21
Dodge: Dodged            |    81 |    24 ||   105
